 Dungeon Crawl Stone Soup version 0.23-a0-57-gd13e5294dc (webtiles) character file.

420790 Rrauwl the Hoplite (level 22, -10/193 HPs)
             Began as a Demonspawn Fighter on Aug 8, 2018.
             Was the Champion of Okawaru.
             Killed from afar by a frost giant (17 damage)
             ... with a bolt of cold
             ... on level 5 of the Vaults on Aug 9, 2018.
             The game lasted 02:51:09 (37433 turns).

Rrauwl the Hoplite (Demonspawn Fighter)            Turns: 37433, Time: 02:51:10

Health: -10/193    AC: 24    Str: 23    XL:     22   Next: 33%
Magic:  32/34      EV: 19    Int: 10    God:    Okawaru [******]
Gold:   779        SH: 31    Dex: 14    Spells: 8/21 levels left

rFire    + . .     SeeInvis +   a - +10 morningstar "Eos" {elec, Halo rElec}
rCold    + . .     Gourm    .   F - +5 large shield
rNeg     + + .     Faith    .   U - +9 scale mail of Nihilism {rPois rC+ MR+}
rPois    +         Spirit   .   (helmet unavailable)
rElec    +         Reflect  .   E - +2 cloak of the Hidden Allies {rF+ rCorr}
rCorr    +         Harm     .   y - +0 pair of gloves of Edaes {+Fly Regen+}
MR       ++...                  A - +1 pair of boots
Stlth    ++........             j - amulet of regeneration
HPRegen  1.22/turn              G - ring of positive energy
MPRegen  0.24/turn              Q - ring of resist corrosion (curse)

@: heroism, hasted, glowing, very quick
A: antennae 3, hooves 1, repulsion field 2, clumsy 1, deformed body, negative
energy resistance 1, nightstalker 2, sense surroundings 1, robust 1, spiny 3,
50% torment resistance, black mark
}: 3/15 runes: decaying, slimy, gossamer
a: Heroism, Finesse, Renounce Religion, Evoke Flight


You were on level 5 of the Vaults.
You worshipped Okawaru.
Okawaru was exalted by your worship.
You were not hungry.

You visited 9 branches of the dungeon, and saw 44 of its levels.
You also visited: Sewer and Ice Cave.

You collected 4267 gold pieces.
You spent 3488 gold pieces at shops.

Inventory:

Hand Weapons
 a - the +10 morningstar "Eos" (weapon) {elec, Halo rElec}
   (You acquired it on level 9 of the Dungeon)

   Occasionally, upon striking a foe, it will discharge some electrical energy
   and cause terrible harm.
   It insulates you from electricity.
 b - the +7 hand crossbow of Ysebui {flame, rPois Int+2}
   (Okawaru gifted it to you on level 11 of the Dungeon)

   It causes projectiles fired from it to burn those they strike, causing extra
   injury to most foes and up to half again as much damage against particularly
   susceptible opponents.
   It affects your intelligence (+2).
   It protects you from poison.
 c - a +9 eveningstar of crushing
Missiles
 N - a javelin (quivered)
 P - 1081 bolts
Armour
 y - the +0 pair of gloves of Edaes (worn) {+Fly Regen+}
   (Okawaru gifted it to you on level 3 of the Lair of Beasts)

   It lets you fly.
   It increases your rate of regeneration.
 A - a +1 pair of boots (worn)
 E - the +2 cloak of the Hidden Allies (worn) {rF+ rCorr}
   (You bought it in a shop on level 2 of the Orcish Mines)

   It protects you from fire.
   It provides partial protection from all sources of acid and corrosion.
 F - a +5 large shield (worn)
 U - the +9 scale mail of Nihilism (worn) {rPois rC+ MR+}
   (You found it on level 6 of the Lair of Beasts)

   It protects you from cold.
   It protects you from poison.
   It affects your resistance to hostile enchantments.
Jewellery
 j - an amulet of regeneration (around neck)
 C - an uncursed ring of protection from magic
 G - a ring of positive energy (left hand)
 Q - a cursed ring of resist corrosion (right hand)
 T - the ring "Wyribraz" {*Tele +Blink rC+}
   (You found it on level 6 of the Lair of Beasts)

   [ring of teleportation]

   It may teleport you next to monsters.
   It protects you from cold.
   It lets you blink.
Wands
 l - a wand of disintegration (44)
 n - a wand of digging (82)
 r - a wand of clouds (3)
 w - a wand of iceblast (26)
 x - a wand of enslavement (66)
 B - a wand of flame (188)
 H - a wand of paralysis (29)
 I - a wand of polymorph (30)
 O - a wand of acid (41)
 W - a wand of scattershot (7)
Scrolls
 f - 6 scrolls of fog
 h - 21 scrolls of teleportation
 i - 31 scrolls of identify
 k - 14 scrolls of remove curse
 q - 5 scrolls of magic mapping
 z - 3 scrolls of blinking
 L - 4 scrolls of fear
 Z - a scroll of silence
Potions
 g - 11 potions of curing
 o - a potion of flight
 p - 3 potions of haste
 s - 6 potions of cancellation
 D - a potion of agility
 J - 2 potions of resistance
 M - a potion of invisibility
 S - 5 potions of might
 V - 4 potions of ambrosia
Miscellaneous
 d - a lamp of fire
 t - a sack of spiders
 u - 3 phantom mirrors
 v - a box of beasts
 K - a lightning rod (4/4)
Comestibles
 e - 49 rations
 R - 11 chunks of flesh


   Skills:
 + Level 15.6(20.6) Fighting
 - Level 16.0(21.0) Maces & Flails
 - Level 5.0(10.0) Throwing
 - Level 10.0(15.0) Armour
 - Level 5.0(10.0) Dodging
 - Level 25.0(27) Shields
 - Level 16.0 Invocations
 - Level 5.0 Evocations


You had 8 spell levels left.
You knew the following spells:

 Your Spells              Type           Power        Failure   Level  Hunger
a - Blink                 Tloc           N/A          73%         2    ###....
b - Passwall              Tmut/Erth      #.......     73%         2    ###....
c - Apportation           Tloc           #.....       58%         1    ##.....
d - Regeneration          Chrm/Necr      #.........   91%         3    ####...
e - Inner Flame           Hex/Fire       #.......     91%         3    ####...
f - Swiftness             Chrm/Air       #.......     73%         2    ###....

Your spell library contained the following spells:

 Spells                   Type           Power        Failure   Level  Hunger
 Cause Fear               Hex            #.........   100%        4    #####..
 Magic Dart               Conj           #...         58%         1    ##.....
 Conjure Flame            Conj/Fire      #.......     91%         3    ####...
 Bolt of Fire             Conj/Fire      #.........   100%        6    #######
 Bolt of Cold             Conj/Ice       #.........   100%        6    #######
 Lightning Bolt           Conj/Air       #.........   100%        5    ######.
 Bolt of Magma            Conj/Fire/Erth #.........   100%        5    ######.
 Slow                     Hex            #.......     73%         2    ###....
 Confuse                  Hex            #.......     91%         3    ####...
 Freezing Cloud           Conj/Ice/Air   #.........   100%        6    #######
 Mephitic Cloud           Conj/Pois/Air  #.......     91%         3    ####...
 Ring of Flames           Chrm/Fire      #.........   100%        7    #######
 Venom Bolt               Conj/Pois      #.........   100%        5    ######.
 Olgreb's Toxic Radiance  Pois           #.......     100%        4    #####..
 Summon Small Mammal      Summ           #...         58%         1    ##.....
 Bolt of Draining         Conj/Necr      #.........   100%        5    ######.
 Iskenderun's Mystic Bla  Conj           #.......     100%        4    #####..
 Animate Skeleton         Necr           N/A          58%         1    ##.....
 Ozocubu's Refrigeration  Ice            #.........   100%        6    #######
 Summon Ice Beast         Ice/Summ       #.......     100%        4    #####..
 Call Imp                 Summ           #.......     73%         2    ###....
 Dispel Undead            Necr           #.......     100%        5    ######.
 Sting                    Conj/Pois      #...         58%         1    ##.....
 Sublimation of Blood     Necr           #.........   73%         2    ###....
 Summon Demon             Summ           #.........   100%        5    ######.
 Corpse Rot               Necr           N/A          73%         2    ###....
 Iron Shot                Conj/Erth      #.........   100%        6    #######
 Stone Arrow              Conj/Erth      #.....       91%         3    ####...
 Shock                    Conj/Air       #...         58%         1    ##.....
 Recall                   Summ/Tloc      N/A          91%         3    ####...
 Agony                    Necr           #.......     100%        5    ######.
 Spider Form              Tmut/Pois      #.........   91%         3    ####...
 Blade Hands              Tmut           #.........   100%        5    ######.
 Statue Form              Tmut/Erth      #........    100%        6    #######
 Ice Form                 Ice/Tmut       #.......     100%        4    #####..
 Dragon Form              Tmut           #.........   100%        7    #######
 Deflect Missiles         Chrm/Air       #.........   100%        6    #######
 Airstrike                Air            #.........   100%        4    #####..
 Shadow Creatures         Summ           N/A          100%        6    #######
 Confusing Touch          Hex            #.....       58%         1    ##.....
 Flame Tongue             Conj/Fire      #....        58%         1    ##.....
 Sticks to Snakes         Tmut           #.......     73%         2    ###....
 Call Canine Familiar     Summ           #.......     91%         3    ####...
 Metabolic Englaciation   Hex/Ice        #.........   100%        5    ######.
 Shatter                  Erth           #.........   100%        9    #######
 Static Discharge         Conj/Air       #.......     91%         3    ####...
 Corona                   Hex            #......      58%         1    ##.....
 Lee's Rapid Deconstruct  Erth           #.........   100%        5    ######.
 Sandblast                Erth           #.....       58%         1    ##.....
 Simulacrum               Ice/Necr       #.........   100%        6    #######
 Excruciating Wounds      Chrm/Necr      #.........   100%        5    ######.
 Portal Projectile        Hex/Tloc       #.....       91%         3    ####...
 Petrify                  Tmut/Erth      #.......     100%        4    #####..
 Leda's Liquefaction      Hex/Erth       #.........   100%        4    #####..
 Shroud of Golubria       Chrm/Tloc      #.........   73%         2    ###....
 Aura of Abjuration       Summ           #.........   100%        5    ######.
 Beastly Appendage        Tmut           #.....       58%         1    ##.....
 Fulminant Prism          Conj/Hex       #.........   100%        4    #####..
 Dazzling Spray           Conj/Hex       #.....       91%         3    ####...
 Force Lance              Conj/Tloc      #.......     100%        4    #####..
 Infusion                 Chrm           #...         58%         1    ##.....
 Song of Slaying          Chrm           #.......     73%         2    ###....
 Spectral Weapon          Hex/Chrm       #.......     91%         3    ####...
 Searing Ray              Conj           #.....       73%         2    ###....
 Summon Forest            Summ/Tloc      #.........   100%        5    ######.
 Summon Lightning Spire   Summ/Air       #.......     100%        4    #####..
 Summon Guardian Golem    Hex/Summ       #.......     91%         3    ####...
 Dragon's Call            Summ           #.........   100%        9    #######
 Summon Mana Viper        Hex/Summ       #.......     100%        5    ######.
 Gell's Gravitas          Tloc           #.........   91%         3    ####...
 Yara's Violent Unravell  Hex/Tmut       #.........   100%        5    ######.
 Poisonous Vapours        Pois/Air       #.....       73%         2    ###....


Dungeon Overview and Level Annotations

Branches:
Dungeon (15/15)            Temple (1/1) D:6            Lair (6/6) D:11
  Swamp (4/4) Lair:3       Spider (4/4) Lair:3        Slime (5/5) Lair:6
    Orc (2/2) D:10            Elf (0/3) Orc:2        Vaults (5/5) D:14
  Crypt (0/3) Vaults:3     Depths (2/5) D:15

Altars:
Ashenzari
Cheibriados
Dithmenos
Elyvilon
Fedhas
Gozag
Hepliaklqana
Kikubaaqudgha
Makhleb
Nemelex Xobeh
Okawaru
Qazlal
Ru
Sif Muna
Trog
Uskayaw
Vehumet
Wu Jian
Xom
Yredelemnul
Zin
The Shining One
Beogh
Jiyva
Lugonu

Shops:
D:10 !   D:12 (   D:13 [   Orc:2 :!![   Vaults:1 ?*?(   Vaults:2 [   Vaults:3 *

Portals:
Hell: Depths:1
Trove: Vaults:4 (give 12 potions of heal wounds)


Innate Abilities, Weirdness & Mutations

You have a pair of large antennae on your head. (SInv)
You are surrounded by a moderate repulsion field. (EV +3)
You resist negative energy. (rN+)
You are significantly more attuned to the shadows.
You are completely covered in sharp spines.
You are somewhat able to resist unholy torments (1 in 2 success).
Your melee attacks may debilitate your foes.
You have large cloven feet.
You are clumsy. (Dex -2)
Armour fits poorly on your strangely shaped body.
You passively map a small area around you.
You are robust. (+10% HP)


Message History

Okawaru grants you ammunition!
The yaktaur captain is engulfed in freezing vapours.
Unknown command.
You sock the titan!
The titan looks weaker.
The titan is almost dead.
The stone giant is engulfed in freezing vapours.
The vault guard is engulfed in freezing vapours.
You block the titan's attack.
The deep troll is engulfed in freezing vapours.
You kill the deep troll!
Okawaru accepts your kill.
The troll leather armour is intact enough to wear.
Unknown command.
You puncture the titan!
You kill the titan!
Okawaru accepts your kill.
The frost giant is engulfed in freezing vapours.
The frost giant casts a spell at you. The bolt of cold hits you! You resist.
You die...

* * , ** #... ,, , ,,
#...#. , , ,, *
##...#.. *
#..$##(..#...{ ,,
##...##§.)#p....
##.§.##§§)#...{.. , *
,,*##..§##§§§#....p{{
##...##Cpp#.....{.{..c
,
*#....@(cC#.C.(..p.....
, *
#####################.
, , ,,{ , ,, {.... , ,
,, , ,.... ,, {, , , ,
..p. ,, .... * * * * *
###. , , #.. * ,#?#.


You could see a frost giant, a stone giant, a yaktaur captain and 2 vault
guards.

Vanquished Creatures
  the Royal Jelly (Slime:5)
  Sojobo (Vaults:3)
  the Lernaean hydra (Swamp:4)
  Rupert (D:15)
  2 titans (Vaults:5)
  2 tentacled monstrosities (Vaults:5)
  26 acid blobs
  2 sphinxes (Vaults:2)
  4 tengu reavers
  Roxanne (D:15)
  11 azure jellies
  4 fire giants
  A deep elf sorcerer (Vaults:1)
  3 ghost moths
  3 frost giants
  13 vault wardens
  Louise (Spider:2)
  2 orc warlords (D:10)
  7 emperor scorpions
  A reaper (IceCv)
  A war gargoyle (Vaults:4)
  11 very ugly things
  12 ironheart preservers
  5 entropy weavers
  9 stone giants
  2 deep elf demonologists
  A deep elf annihilator (Vaults:1)
  A dire elephant (D:15)
  9 ettins
  A spark wasp (Spider:2)
  A crystal guardian (Vaults:3)
  Snorg (D:10)
  The ghost of Ablot the Thaumaturge, a journeyman GnSk of Cheibriados (D:12)
  11 death oozes
  Josephine (D:13)
  A deep elf high priest (Vaults:5)
  17 ogre magi
  7 yaktaur captains
  8 great orbs of eyes
  3 rakshasas
  4 fire dragons
  3 ice dragons
  28 vault guards
  Erolcha (Orc:2)
  2 ghost crabs
  27 hydras
  Erica (D:10)
  A satyr (shapeshifter) (Vaults:5)
  2 catoblepae
  3 death knights
  45 two-headed ogres
  9 centaur warriors
  3 death yaks (Lair:6)
  11 alligators
  A vampire mage (Vaults:3)
  2 deep troll earth magi
  A queen ant (Spider:3)
  6 deep troll shamans
  A tengu warrior (D:15)
  An orc high priest (Orc:2)
  6 deep elf knights
  A soul eater (Vaults:3)
  A hell knight (Vaults:1)
  A fire crab (shapeshifter) (Vaults:1)
  3 shadow wraiths
  Nergalle (D:10)
  A skeletal warrior (D:11)
  17 deep trolls
  3 flayed ghosts
  12 swamp dragons
  5 unseen horrors
  3 shambling mangroves
  A swamp dragon (shapeshifter) (Vaults:5)
  5 wizards
  19 orc knights
  17 ironbrand convokers
  Pikel (D:8)
  3 deep elf archers
  2 spriggan druids
  An orb spider (shapeshifter) (Vaults:3)
  A lindwurm (shapeshifter) (Vaults:2)
  8 deep elf magi
  A harpy (shapeshifter) (Vaults:4)
  20 ugly things
  An oklob plant (Lair:5)
  24 orb spiders
  9 shining eyes
  A manticore (D:15)
  8 orc sorcerers
  A faun (shapeshifter) (Depths:1)
  29 wolf spiders
  A salamander (D:15)
  9 cyclopes
  Maurice (D:10)
  4 centaur zombies
  2 black mambas (Lair:6)
  Joseph (D:9)
  18 elephants
  2 torpor snails
  2 ice statues (IceCv)
  9 vault sentinels
  15 spiny frogs
  35 yaktaurs
  15 demonic crawlers
  3 kobold demonologists (D:11)
  3 komodo dragons
  8 freezing wraiths
  2 queen bees
  7 ice devils (IceCv)
  38 jumping spiders
  3 meliai
  12 trolls
  4 tengu conjurers
  10 tyrant leeches
  A jumping spider (shapeshifter) (Vaults:1)
  31 hornets
  4 polar bears
  A human simulacrum (Vaults:1)
  13 bog bodies
  13 blink frogs
  10 hippogriffs
  A frost giant simulacrum (Vaults:1)
  A hippogriff (shapeshifter) (Vaults:1)
  63 slime creatures
  5 shadows
  32 tarantellas
  4 wyverns
  86 redbacks
  11 spriggans
  7 wraiths
  Sigmund (D:6)
  56 yaks
  A human (D:3)
  A golden eye (shapeshifter) (Vaults:2)
  4 hungry ghosts
  4 basilisks
  34 vampire mosquitoes
  A redback simulacrum (D:15)
  3 insubstantial wisps (Swamp:1)
  6 wargs
  4 acid dragons
  4 soldier ants (Spider:3)
  17 swamp worms
  13 water moccasins
  12 porcupines
  47 orc warriors
  A black bear (shapeshifter) (Vaults:1)
  2 black bears (Lair:6)
  2 ice beasts
  9 sky beasts
  4 eyes of draining
  2 phantoms
  9 swamp drakes
  2 necrophages
  3 slaves (D:8)
  3 boggarts (D:13)
  33 ogres
  31 wolves
  24 centaurs
  The ghost of Nilun the Skirmisher, an amateur GrFi (D:3)
  4 big kobolds
  20 crocodiles
  28 bullfrogs
  A gnoll sergeant (D:9)
  8 scorpions
  30 killer bees
  17 wights
  An electric eel (Spider:3)
  3 howler monkeys
  10 crimson imps
  3 bullfrog zombies
  6 hounds
  A quasit (D:15)
  2 jellies
  5 bullfrog skeletons
  5 iguanas
  19 orc priests
  5 centaur skeletons
  34 orc wizards
  7 hell rats (Lair:4)
  28 worker ants
  A hound skeleton (D:5)
  Robin (D:4)
  2 worker ant zombies (D:6)
  7 gnolls
  13 adders
  A howler monkey skeleton (D:4)
  5 shadow imps
  11 white imps
  7 ufetubi (IceCv)
  4 oozes
  A worm (D:4)
  A dart slug (D:1)
  9 leopard geckos
  124 orcs
  2 giant cockroaches
  15 goblins
  10 hobgoblins
  9 jackals
  5 quokkas
  2 ball pythons
  12 bats
  6 frilled lizards
  A giant cockroach zombie (D:5)
  A jackal skeleton (D:8)
  A jackal zombie (D:3)
  29 kobolds
  A kobold skeleton (D:3)
  A kobold zombie (D:3)
  A quokka skeleton (D:9)
  4 rats
  A fungus (Swamp:4)
  A plant (Swamp:4)
1895 creatures vanquished.

Vanquished Creatures (collateral kills)
  An orc sorcerer (Orc:1)
1 creature vanquished.

Vanquished Creatures (others)
  A bog body (Swamp:4)
  A redback (Spider:1)
  2 spriggans (Swamp:2)
  A slave (D:8)
  A swamp drake (Swamp:4)
  2 orc wizards (Orc:2)
  2 white imps (IceCv)
  4 ufetubi (IceCv)
  A demonic plant (D:11)
  15 fungi
  4 plants
  2 withered plants (D:9)
36 creatures vanquished.

Grand Total: 1932 creatures vanquished

Notes
Turn   | Place    | Note
-------+----------+-------------------------------------------
     0 | D:1      | Rrauwl the Demonspawn Fighter began the quest for the Orb.
     0 | D:1      | Reached XP level 1. HP: 18/18 MP: 1/1
   105 | D:1      | Gained mutation: You have a pair of small antennae on your head. [demonic ancestry]
   105 | D:1      | Reached XP level 2. HP: 15/24 MP: 2/2
   328 | D:1      | Reached skill level 3 in Shields
   358 | D:1      | Reached skill level 1 in Dodging
   571 | D:2      | Gained mutation: You are partially covered in sharp spines. [demonic ancestry]
   571 | D:2      | Reached XP level 3. HP: 28/29 MP: 3/3
   694 | D:2      | Found a sacrificial altar of Ru.
  1519 | D:2      | Gained mutation: You are surrounded by a mild repulsion field. (EV +2) [demonic ancestry]
  1519 | D:2      | Reached XP level 4. HP: 28/35 MP: 4/4
  1629 | D:3      | Found a runed door.
  1629 | D:3      | Noticed a human
  1644 | D:3      | Found a basalt altar of Yredelemnul.
  1664 | D:3      | HP: 1/35 [human (8)]
  1667 | D:3      | Killed a human
  1667 | D:3      | Reached XP level 5. HP: 13/41 MP: 5/5
  1927 | D:3      | Gained mutation: You are weak. (Str -2) [potion of mutation]
  1927 | D:3      | Gained mutation: Your magical capacity is low. (-10% MP) [potion of mutation]
  1927 | D:3      | Lost mutation: You are weak. (Str -2) [potion of mutation]
  1927 | D:3      | Gained mutation: Your muscles are strong. (Str +2) [potion of mutation]
  2079 | D:3      | Found a runed door.
  2080 | D:3      | Noticed Nilun's ghost (amateur GrFi)
  2093 | D:3      | Killed Nilun's ghost
  2093 | D:3      | Reached skill level 4 in Shields
  2093 | D:3      | Reached XP level 6. HP: 17/47 MP: 5/5
  2523 | D:4      | Noticed Robin
  2540 | D:4      | Killed Robin
  2707 | D:4      | Gained mutation: You are slightly more attuned to the shadows. [demonic ancestry]
  2707 | D:4      | Reached XP level 7. HP: 47/52 MP: 6/6
  2794 | D:4      | Found a blossoming altar of Fedhas.
  2958 | D:5      | Entered Level 5 of the Dungeon
  3034 | D:5      | Found a glowing drain.
  3042 | Sewer    | Entered a sewer
  3086 | Sewer    | Reached skill level 5 in Shields
  3228 | D:5      | Reached skill level 5 in Maces & Flails
  3763 | D:5      | Gained mutation: You are mostly covered in sharp spines. [demonic ancestry]
  3763 | D:5      | Reached XP level 8. HP: 60/60 MP: 7/7
  3887 | D:6      | Reached skill level 6 in Shields
  3927 | D:6      | Noticed Sigmund
  3935 | D:6      | Killed Sigmund
  4314 | D:6      | Found an ornate altar of the Wu Jian Council.
  4389 | D:6      | Found a staircase to the Ecumenical Temple.
  4398 | Temple   | Entered the Ecumenical Temple
  4471 | Temple   | Became a worshipper of Warmaster Okawaru
  4851 | D:7      | Reached skill level 7 in Shields
  4974 | D:7      | Reached XP level 9. HP: 65/65 MP: 8/8
  5006 | D:7      | Reached * piety under Okawaru
  5256 | D:7      | Reached skill level 8 in Shields
  5492 | D:8      | Noticed a five-headed hydra
  5501 | D:8      | Killed a five-headed hydra
  5501 | D:8      | Reached ** piety under Okawaru
  5501 | D:8      | Reached skill level 9 in Shields
  5556 | D:8      | Noticed Pikel
  5653 | D:8      | Killed Pikel
  5653 | D:8      | Reached *** piety under Okawaru
  5653 | D:8      | Reached XP level 10. HP: 70/71 MP: 7/9
  5697 | D:8      | Found a white marble altar of Elyvilon.
  5883 | D:8      | Found a shadowy altar of Dithmenos.
  6026 | D:9      | Found an ancient bone altar of Kikubaaqudgha.
  6038 | D:8      | Reached skill level 1 in Invocations
  6170 | D:9      | Reached skill level 1 in Evocations
  6273 | D:9      | Noticed a two-headed ogre
  6311 | D:9      | Identified a scroll of acquirement
  6312 | D:9      | Found the +10 morningstar "Eos" {elec, Halo rElec}
  6535 | D:9      | Reached **** piety under Okawaru
  6578 | D:9      | Noticed Joseph
  6626 | D:9      | Killed Joseph
  6904 | D:9      | Reached skill level 5 in Fighting
  7123 | D:9      | Reached skill level 5 in Armour
  7164 | D:10     | Entered Level 10 of the Dungeon
  7171 | D:10     | Learned a level 2 spell: Blink
  7174 | D:10     | Learned a level 2 spell: Passwall
  7194 | D:10     | Reached XP level 11. HP: 80/80 MP: 12/12
  7208 | D:10     | Reached skill level 10 in Shields
  7214 | D:10     | Noticed Snorg
  7216 | D:10     | Reached ***** piety under Okawaru
  7227 | D:10     | Killed Snorg
  7232 | D:10     | Received a gift from Okawaru
  7336 | D:10     | Noticed Erica
  7348 | D:10     | Killed Erica
  7348 | D:10     | Reached skill level 5 in Invocations
  7369 | D:10     | Noticed Nergalle
  7372 | D:10     | Reached skill level 10 in Maces & Flails
  7380 | D:10     | Killed Nergalle
  7560 | D:10     | Noticed Maurice
  7578 | D:10     | Killed Maurice
  7635 | D:10     | Found Cimos's Distillery.
  7670 | D:10     | Bought a potion of degeneration for 11 gold pieces
  7670 | D:10     | Bought a potion of heal wounds for 55 gold pieces
  7673 | D:10     | Found a blossoming altar of Fedhas.
  7869 | D:10     | Found a staircase to the Orcish Mines.
  8071 | D:11     | Noticed an unseen horror
  8086 | D:11     | Killed an unseen horror
  8182 | D:11     | Found a corrupted altar of Lugonu.
  8192 | D:11     | Noticed a two-headed ogre
  8199 | D:11     | Noticed a purple ugly thing
  8206 | D:11     | Killed a two-headed ogre
  8250 | D:11     | Found an opulent altar of Gozag.
  8298 | D:11     | Noticed a death knight
  8315 | D:11     | Killed a purple ugly thing
  8315 | D:11     | Reached XP level 12. HP: 88/88 MP: 13/16
  8345 | D:11     | Killed a death knight
  8345 | D:11     | Reached skill level 1 in Throwing
  8345 | D:11     | Reached skill level 11 in Shields
  8435 | D:11     | Found an iron altar of Okawaru.
  8523 | D:11     | Found a staircase to the Lair.
  8561 | D:11     | Received a gift from Okawaru
  8562 | D:11     | Got a warped hand crossbow {god gift}
  8563 | D:11     | Identified the +7 hand crossbow of Ysebui {flame, rPois Int+2} (Okawaru gifted it to you on level 11 of the Dungeon)
  8784 | Lair:1   | Entered Level 1 of the Lair of Beasts
  9503 | Lair:1   | Noticed a six-headed hydra
  9511 | Lair:1   | Killed a six-headed hydra
  9511 | Lair:1   | Reached skill level 10 in Invocations
  9994 | Lair:2   | Reached ****** piety under Okawaru
 10012 | Lair:2   | Noticed a four-headed hydra
 10017 | Lair:2   | Killed a four-headed hydra
 10022 | Lair:2   | Reached skill level 12 in Shields
 10075 | Lair:2   | Received a gift from Okawaru
 10380 | Lair:2   | Gained mutation: You are surrounded by a moderate repulsion field. (EV +3) [demonic ancestry]
 10380 | Lair:2   | Reached XP level 13. HP: 83/93 MP: 18/18
 11247 | Lair:3   | Received a gift from Okawaru
 11250 | Lair:3   | Got a pair of distressingly furry gloves {god gift}
 11256 | Lair:3   | Identified the +0 pair of gloves of Edaes {+Fly Regen+} (Okawaru gifted it to you on level 3 of the Lair of Beasts)
 11334 | Lair:3   | Found a hole to the Spider Nest.
 11447 | Lair:3   | Found a staircase to the Swamp.
 12257 | Lair:4   | Reached skill level 13 in Shields
 12877 | Lair:5   | Received a gift from Okawaru
 13491 | Lair:6   | Entered Level 6 of the Lair of Beasts
 13668 | Lair:6   | Gained mutation: You are completely covered in sharp spines. [demonic ancestry]
 13668 | Lair:6   | Reached XP level 14. HP: 101/101 MP: 19/19
 13806 | Lair:6   | Found a runed door.
 13816 | Lair:6   | Found a viscous altar of Jiyva.
 13817 | Lair:6   | Found a staircase to the Slime Pits.
 13856 | Lair:6   | Got a wavering copper ring
 13877 | Lair:6   | Identified the ring "Wyribraz" {*Tele +Blink rC+} (You found it on level 6 of the Lair of Beasts)
 13977 | Lair:6   | Got a heavily runed scale mail
 13988 | Lair:6   | Identified the +9 scale mail of Nihilism {rPois rC+ MR+} (You found it on level 6 of the Lair of Beasts)
 14099 | Lair:6   | Got a slimy scale mail
 14110 | Lair:6   | Identified the +8 scale mail of Valiance {rElec MR- Regen+} (You found it on level 6 of the Lair of Beasts)
 14435 | Lair:6   | Received a gift from Okawaru
 14442 | Lair:6   | Got a bloodstained chain mail {god gift}
 14449 | Lair:6   | Got a jewelled chain mail
 14470 | Lair:6   | Identified the +6 chain mail "Deejoth" {rElec Dex+6} (You found it on level 6 of the Lair of Beasts)
 14480 | Lair:6   | Identified the +7 chain mail "Teemij" {Str+4} (Okawaru gifted it to you on level 6 of the Lair of Beasts)
 14755 | D:12     | Upgraded the game from 0.23-a0-54-gae6112e33f to 0.23-a0-57-gd13e5294dc
 14811 | D:12     | Found a runed door.
 14812 | D:12     | Noticed Ablot's ghost (journeyman GnSk)
 14843 | D:12     | Killed Ablot's ghost
 15029 | D:12     | Found Hyell's Weapon Shoppe.
 15448 | D:13     | Reached skill level 14 in Shields
 15536 | D:13     | Received a gift from Okawaru
 15563 | D:13     | Noticed Josephine
 15577 | D:13     | Killed Josephine
 15585 | D:13     | Received a gift from Okawaru
 15778 | D:13     | Gained mutation: You have a pair of antennae on your head. [demonic ancestry]
 15778 | D:13     | Reached XP level 15. HP: 110/110 MP: 21/21
 15807 | D:13     | Found Emibburak's Antique Armour Boutique.
 16195 | D:14     | Received a gift from Okawaru
 16266 | D:14     | Found a gate to the Vaults.
 16772 | D:15     | Entered Level 15 of the Dungeon
 16859 | D:15     | Found a frozen archway.
 16869 | IceCv    | Entered an ice cave
 17295 | D:15     | Noticed Rupert
 17306 | D:15     | Killed Rupert
 17374 | D:15     | Reached skill level 15 in Shields
 17405 | D:15     | Received a gift from Okawaru
 17489 | D:15     | Reached skill level 15 in Maces & Flails
 17552 | D:15     | Found a staircase to the Depths.
 17792 | D:15     | Noticed Roxanne
 17810 | D:15     | Killed Roxanne
 17811 | D:15     | Identified Roxanne's Guide on Stones (You took it off Roxanne on level 15 of the Dungeon)
 17820 | D:15     | Learned a level 1 spell: Apportation
 18085 | D:11     | Gained mutation: You resist negative energy. (rN+) [demonic ancestry]
 18085 | D:11     | Reached XP level 16. HP: 117/117 MP: 23/23
 18119 | Orc:1    | Entered Level 1 of the Orcish Mines
 18158 | D:10     | Received a gift from Okawaru
 18581 | Orc:1    | Found a roughly hewn altar of Beogh.
 18668 | Orc:2    | Entered Level 2 of the Orcish Mines
 18790 | Orc:2    | Found a staircase to the Elven Halls.
 18947 | Orc:2    | Found a roughly hewn altar of Beogh.
 19254 | Orc:2    | Received a gift from Okawaru
 19406 | Orc:2    | Paralysed by an orc sorcerer for 3 turns
 19415 | Orc:2    | Reached skill level 15 in Invocations
 19545 | Orc:2    | Found Lumpakeu's Distillery.
 19589 | Orc:2    | Found an ancient bone altar of Kikubaaqudgha.
 19609 | Orc:2    | Found Qece's Book Shoppe.
 19617 | Orc:2    | Noticed Erolcha
 19621 | Orc:2    | Found a radiant altar of Vehumet.
 19627 | Orc:2    | Killed Erolcha
 19692 | Orc:2    | Found a roughly hewn altar of Beogh.
 19692 | Orc:2    | Found Raruts's Antique Armour Emporium.
 19729 | Orc:2    | Bought a slimy cloak for 351 gold pieces
 19739 | Orc:2    | Identified the +2 cloak of the Hidden Allies {rF+ rCorr} (You bought it in a shop on level 2 of the Orcish Mines)
 19740 | Orc:2    | Found Yreduov's Distillery.
 19748 | Orc:2    | Bought a potion of haste for 160 gold pieces
 19748 | Orc:2    | Bought a potion of mutation for 128 gold pieces
 19748 | Orc:2    | Bought a potion of haste for 160 gold pieces
 20096 | Spider:1 | Entered Level 1 of the Spider Nest
 20109 | Spider:1 | Received a gift from Okawaru
 20439 | Spider:1 | Received a gift from Okawaru
 20705 | Spider:1 | Learned a level 3 spell: Regeneration
 20877 | Spider:2 | Reached skill level 5 in Evocations
 20953 | Spider:2 | Reached skill level 5 in Dodging
 21306 | Spider:2 | Gained mutation: You are somewhat able to resist unholy torments (1 in 2 success). [demonic ancestry]
 21306 | Spider:2 | Reached XP level 17. HP: 126/126 MP: 26/26
 21402 | Spider:2 | Noticed Louise
 21414 | Spider:2 | Killed Louise
 21537 | Spider:3 | Received a gift from Okawaru
 21868 | Spider:3 | Got a steaming ruby amulet
 21869 | Spider:3 | Identified the amulet of Hoatai {Faith MP+9 Dex+2} (You acquired it on level 3 of the Spider Nest)
 21900 | Spider:3 | Reached skill level 10 in Fighting
 22304 | Spider:4 | Entered Level 4 of the Spider Nest
 22314 | Spider:4 | Reached skill level 10 in Armour
 22797 | Spider:4 | Received a gift from Okawaru
 22827 | Spider:4 | Reached skill level 16 in Shields
 23055 | Spider:4 | Reached skill level 17 in Shields
 23086 | Spider:4 | Received a gift from Okawaru
 23161 | Spider:4 | Reached skill level 18 in Shields
 23178 | Spider:4 | Got a gossamer rune of Zot
 23586 | Swamp:1  | Entered Level 1 of the Swamp
 24131 | Swamp:1  | Gained mutation: You have a pair of large antennae on your head. (SInv) [demonic ancestry]
 24131 | Swamp:1  | Reached XP level 18. HP: 103/134 MP: 27/27
 24662 | Swamp:2  | Received a gift from Okawaru
 24777 | Swamp:2  | Reached skill level 19 in Shields
 25316 | Swamp:3  | Learned a level 3 spell: Inner Flame
 25939 | Swamp:4  | Entered Level 4 of the Swamp
 26019 | Swamp:4  | Noticed the 27-headed Lernaean hydra
 26022 | Swamp:4  | Killed the 27-headed Lernaean hydra
 26022 | Swamp:4  | Received a gift from Okawaru
 26049 | Swamp:4  | Reached skill level 20 in Shields
 26120 | Swamp:4  | Got a decaying rune of Zot
 26134 | Swamp:4  | Learned a level 2 spell: Swiftness
 26245 | Swamp:4  | Identified the Catalogue of Assistive Attacks
 26511 | Swamp:4  | Got an ichor-stained plate armour
 26512 | Swamp:4  | Identified the +7 plate armour of Mulauc {*Slow rElec rPois SInv} (You found it on level 4 of the Swamp)
 27018 | Slime:1  | Entered Level 1 of the Pits of Slime
 27050 | Slime:1  | Gained mutation: You are robust. (+10% HP) [a shining eye]
 27105 | Slime:2  | Lost mutation: Your muscles are strong. (Str +2) [a shining eye]
 27107 | Slime:2  | Gained mutation: Potions are less effective at restoring your health. [a shining eye]
 27161 | Slime:5  | Entered Level 5 of the Pits of Slime
 27211 | Slime:4  | Received a gift from Okawaru
 27340 | Slime:5  | Gained mutation: Scrolls take you a little longer to read. [a shining eye]
 27342 | Slime:5  | Gained mutation: Armour fits poorly on your strangely shaped body. [a shining eye]
 27349 | Slime:5  | Gained mutation: Your melee attacks may debilitate your foes. [demonic ancestry]
 27349 | Slime:5  | Reached XP level 19. HP: 149/154 MP: 27/27
 27365 | Slime:5  | Reached skill level 21 in Shields
 27373 | Slime:5  | Received a gift from Okawaru
 27705 | Slime:5  | Found the +8 glaive of the Guard {elec, +Rage AC+5 SInv}
 27845 | Slime:5  | Found a viscous altar of Jiyva.
 27927 | Slime:5  | Gained mutation: You do not regenerate when monsters are visible. [a shining eye]
 28051 | Slime:5  | Gained mutation: Your body sometimes deteriorates upon taking damage. [a shining eye]
 28054 | Slime:5  | Gained mutation: You occasionally shout uncontrollably at your foes. [a shining eye]
 28093 | Slime:5  | Gained mutation: Scrolls take you longer to read. [a shining eye]
 28241 | Slime:5  | Noticed the Royal Jelly
 28640 | Lair:1   | Lost mutation: Scrolls take you longer to read. [potion of mutation]
 28640 | Lair:1   | Lost mutation: Your body sometimes deteriorates upon taking damage. [potion of mutation]
 28640 | Lair:1   | Lost mutation: Scrolls take you a little longer to read. [potion of mutation]
 28640 | Lair:1   | Gained mutation: You are agile. (Dex +2) [potion of mutation]
 28640 | Lair:1   | Gained mutation: You can translocate small distances at will. [potion of mutation]
 28641 | Lair:1   | Lost mutation: You occasionally shout uncontrollably at your foes. [potion of mutation]
 28641 | Lair:1   | Lost mutation: You are agile. (Dex +2) [potion of mutation]
 28641 | Lair:1   | Lost mutation: You can translocate small distances at will. [potion of mutation]
 28641 | Lair:1   | Gained mutation: You expend magic power (3 MP) to strengthen your wands. [potion of mutation]
 28641 | Lair:1   | Gained mutation: You are very robust. (+20% HP) [potion of mutation]
 28641 | Lair:1   | Lost mutation: Your magical capacity is low. (-10% MP) [potion of mutation]
 28641 | Lair:1   | Gained mutation: Your flesh is cold resistant. (rC+) [potion of mutation]
 28642 | Lair:1   | Lost mutation: Armour fits poorly on your strangely shaped body. [potion of mutation]
 28642 | Lair:1   | Lost mutation: You are very robust. (+20% HP) [potion of mutation]
 28642 | Lair:1   | Lost mutation: You are robust. (+10% HP) [potion of mutation]
 28642 | Lair:1   | Lost mutation: Potions are less effective at restoring your health. [potion of mutation]
 28642 | Lair:1   | Gained mutation: You are clumsy. (Dex -2) [potion of mutation]
 28642 | Lair:1   | Gained mutation: You passively map a small area around you. [potion of mutation]
 28643 | Lair:1   | Lost mutation: You expend magic power (3 MP) to strengthen your wands. [potion of mutation]
 28643 | Lair:1   | Lost mutation: Your flesh is cold resistant. (rC+) [potion of mutation]
 28643 | Lair:1   | Lost mutation: You do not regenerate when monsters are visible. [potion of mutation]
 28643 | Lair:1   | Gained mutation: You have large cloven feet. [potion of mutation]
 28643 | Lair:1   | Gained mutation: You are robust. (+10% HP) [potion of mutation]
 28863 | Slime:5  | Killed the Royal Jelly
 28993 | Slime:3  | Gained mutation: Armour fits poorly on your strangely shaped body. [a shining eye]
 29559 | Slime:5  | Got a slimy rune of Zot
 29940 | Depths:1 | Entered Level 1 of the Depths
 30007 | Depths:1 | Reached skill level 22 in Shields
 30530 | Depths:1 | Found a snail-covered altar of Cheibriados.
 30657 | Depths:1 | Received a gift from Okawaru
 30660 | Depths:1 | Identified the +6 morningstar of Ysulo {drain, +Rage rPois rN+} (Okawaru gifted it to you on level 1 of the Depths)
 30672 | Depths:1 | Found a gateway to Hell.
 30920 | Depths:1 | Paralysed by a great orb of eyes for 7 turns
 30944 | Depths:2 | Found a hide-covered altar of Uskayaw.
 30944 | Depths:2 | Noticed a caustic shrike
 30944 | Depths:2 | Noticed a caustic shrike
 31073 | Vaults:1 | Entered Level 1 of the Vaults
 31172 | Vaults:1 | Found Jauhupti's Assorted Antiques.
 31179 | Vaults:1 | Bought a potion of heal wounds for 190 gold pieces
 31179 | Vaults:1 | Bought a scroll of acquirement for 1976 gold pieces
 31329 | Vaults:1 | Found Finis's Magic Scroll Emporium.
 31336 | Vaults:1 | Bought a scroll of enchant weapon for 97 gold pieces
 31701 | Vaults:1 | Received a gift from Okawaru
 31730 | Vaults:1 | Reached XP level 20. HP: 161/161 MP: 32/32
 31805 | Vaults:1 | Reached skill level 23 in Shields
 32003 | Vaults:1 | Found Nunuz's Weapon Shoppe.
 32009 | Vaults:1 | Found Qipsonugimp's Magic Scroll Emporium.
 32127 | Vaults:1 | Found Exkal's Magic Scroll Shoppe.
 32134 | Vaults:1 | Bought a scroll of silence for 120 gold pieces
 32134 | Vaults:1 | Bought a scroll of enchant armour for 120 gold pieces
 32134 | Vaults:1 | Bought a scroll of enchant weapon for 120 gold pieces
 32420 | Vaults:2 | Received a gift from Okawaru
 33203 | Vaults:2 | Reached skill level 24 in Shields
 33429 | Vaults:2 | Found Yczeyrph's Armour Shop.
 33671 | Vaults:2 | Received a gift from Okawaru
 34073 | Vaults:3 | Noticed Sojobo
 34092 | Vaults:3 | Gained mutation: You are significantly more attuned to the shadows. [demonic ancestry]
 34092 | Vaults:3 | Reached XP level 21. HP: 64/168 MP: 33/33
 34307 | Vaults:3 | Found Temun's General Store.
 34311 | Vaults:3 | Received a gift from Okawaru
 34493 | Vaults:3 | Identified the amulet of Imux {Gourm rPois rC++} (You took it off an orc priest on level 3 of the Vaults)
 34713 | Vaults:3 | Killed Sojobo
 34757 | Vaults:3 | Reached skill level 25 in Shields
 34862 | Vaults:3 | Received a gift from Okawaru
 35095 | Vaults:3 | Found a staircase to the Crypt.
 35741 | Vaults:4 | Reached skill level 5 in Throwing
 36100 | Vaults:4 | Found a sparkling altar of Nemelex Xobeh.
 36345 | Vaults:4 | Paralysed by an ogre mage for 5 turns
 36466 | Vaults:4 | Found a portal to a secret trove of treasure.
 36904 | Vaults:4 | Received a gift from Okawaru
 37081 | Vaults:5 | Entered Level 5 of the Vaults
 37150 | Vaults:5 | Reached XP level 22. HP: 47/189 MP: 34/34
 37235 | Vaults:5 | Reached skill level 15 in Fighting
 37430 | Vaults:5 | HP: 5/193 [titan/the air (17)]
 37431 | Vaults:5 | Received a gift from Okawaru
 37433 | Vaults:5 | Killed from afar by a frost giant

Vault maps used:
D:1:      dpeg_arrival_arbitrary_b
D:2:      first_ration, hangedman_glass_teeth, nicolae_ru_path_of_blood
D:3:      ebering_ghost_reflecting_pool, dk_yredelemnul_ordeal
D:4:      lemuel_crystal_altar, serial_forest, infiniplex_forest_lined_room_3,
          infiniplex_forest_lined_room_2, infiniplex_forest_lined_3,
          infiniplex_forest_straight_3, infiniplex_forest_lined_room_2,
          infiniplex_forest_clump_diagonal, uniq_robin
D:5:      portal_sewer_entry_f
D:6:      lemuel_coloured_pillars_altar, minmay_temple_entry_poolview,
          uniq_sigmund
D:8:      old_standard_altar, kennysheep_mini, uniq_pikel
D:9:      wad_river_or_something, kiku_gazebo_garden_becter, uniq_joseph
D:10:     cheibrodos_iron_armory, david_orc_1_choice, basic_altar, serial_shops,
          nicolae_shop_behind_doors, david_nohive_1, uniq_nergalle, uniq_erica,
          uniq_snorg, uniq_maurice
D:11:     kennysheep_kobold_lugonu_temple, grunt_lair_entry_orc_guard_hut,
          basic_altar, grunt_gozag_statues
D:12:     gammafunk_ghost_grave, special_room, serial_shops, shop,
          minmay_three_doors
D:13:     serial_shops, nicolae_shop_overgrown_old_shop, uniq_josephine
D:14:     grunt_vaults_entry_fortified, hangedman_decor_push,
          hangedman_decor_lopped
D:15:     hangedman_depths_entry_try_elsewhere_first,
          portal_ice_cave_entry_pillars_2, minivault_23,
          minmay_unpleasant_kobolds, uniq_rupert, uniq_roxanne
Temple:   eino_temple_rhombus
Lair:1:   beast_lair_carwin_large_1
Lair:2:   minivault_23
Lair:3:   minmay_swamp_entry_reptiles, nicolae_spider_entry_tight_spaces,
          grunt_megastairs_4
Lair:4:   minmay_holes
Lair:5:   grunt_megastairs_3
Lair:6:   grunt_lair_end_beastmaster, slime_altar_2, serial_bayou_pond_c
Swamp:1:  evilmike_swamp_ruin_rubble_1, swamp_pool3, statue_in_the_mist_lemuel
Swamp:2:  nicolae_swamp_treefoil
Swamp:3:  evilmike_swamp_ruin_house_1, infiniplex_staircase_pool
Swamp:4:  grunt_swamp_rune_castle, swamp_pool3
Spider:1: guppyfry_hornet_nest
Spider:2: uniq_louise
Spider:3: minmay_another_anthill
Spider:4: grunt_spider_rune_circles
Orc:1:    special_room
Orc:2:    kennysheep_orc_mage_school, basic_altar, uniq_erolcha
Vaults:1: hangedman_vaults_corner_blocks, v_pattern_3,
          nicolae_vaults_little_squares_6, vaults_room_grid,
          nicolae_vaults_network_periphery, v_misc_22, vaults_room_hallway,
          nicolae_vaults_murderbox, nicolae_vaults_specimen_jars, serial_shops,
          shop, shop, nicolae_shop_competitors_out_of_business,
          nicolae_shop_window_shopping, shop_fountains
Vaults:2: ontoclasm_vaults_bender, v_rooms_4, ontoclasm_vaults_tryst,
          hangedman_vaults_hard_town_square, ontoclasm_vaults_pinch,
          nicolae_vaults_network_quinsquares, vaults_room_door_hall,
          v_alt_pattern_5, nicolae_vaults_network_square, hangedman_vaults_hat,
          nicolae_vaults_rhombus_7, serial_shops, shop
Vaults:3: v_misc_14, vaults_room_door_ring, v_misc_3, v_rooms_1,
          vaults_standard_mumra_x, vaults_room_semicircle, v_rooms_5,
          vaults_room_corners, minmay_crypt_entry_simple_round, v_misc_13,
          v_pattern_5, ontoclasm_vaults_misaligned, serial_shops, shop,
          uniq_sojobo
Vaults:4: nicolae_vaults_stairing_the_circle, v_rooms_4, v_misc_25,
          vaults_standard_mumra_enter_the_diamond, v_misc_28, v_misc_27,
          vaults_mumra_minichess_inversion, serial_ice_b,
          nicolae_vaults_asterisk, nicolae_trove_entry_diagonal, basic_altar
Vaults:5: serial_shops
Depths:1: pf_coc_iceberg, cheibriados_altar_1, kennysheep_generic_room_15
Depths:2: regret_index_uskayaw_diablada_macabre, hellmouth_1,
          minmay_misc_feat_pillars, hangedman_abyss_or_decor_passed,
          grunt_tough_drop, serial_bayou_shore_a, infiniplex_staircase_zigzag_2,
          firewood_loft
Sewer:    sewer_big_baddie
IceCv:    ice_cave_small_demon

Skill      XL: |  1  2  3  4  5  6  7  8  9 10 11 12 13 14 15 16 17 18 19 20 21 22 |
---------------+-------------------------------------------------------------------+-----
Maces & Flails | 2 3 5 7 9 10 11 13 14 15 16 | 16.0
Shields        | 3 4 5 7 9 10 12 13 14 15 18 20 22 24 25 | 25.0
Armour         | 3 4 5 6 8 9 10 | 10.0
Dodging        | 1 2 3 4 5 |  5.0
Fighting       | 4 5 6 8 9 10 14 15 | 15.6
Invocations    | 3 7 10 11 14 16 | 16.0
Evocations     | 3 4 5 |  5.0
Throwing       | 3 5 |  5.0

Action                   |  1- 3 |  4- 6 |  7- 9 | 10-12 | 13-15 | 16-18 | 19-21 | 22-24 || total
-------------------------+-------+-------+-------+-------+-------+-------+-------+-------++-------
Melee: Flail             |   139 |   106 |   292 |   100 |       |       |       |       ||   637
       Morningstar       |       |       |       |   451 |  1047 |  1634 |  1791 |   129 ||  5052
       Unarmed           |       |       |       |     3 |       |       |       |       ||     3
Throw: Javelin           |       |       |       |     4 |       |     1 |     4 |     3 ||    12
Invok: Heroism           |       |       |     1 |     8 |     5 |     6 |     9 |     1 ||    30
       Finesse           |       |       |       |       |       |     2 |     3 |     1 ||     6
 Abil: Stop Flying       |       |       |       |       |     1 |       |       |       ||     1
       Evoke Flight      |       |       |       |       |     1 |       |       |       ||     1
Evoke: Wand              |       |     1 |     1 |     3 |     7 |     7 |    15 |     5 ||    39
       Box of beasts     |       |       |       |       |       |     2 |     1 |       ||     3
  Use: Potion            |     3 |     9 |     5 |     5 |     1 |       |    14 |     6 ||    43
       Scroll            |     6 |     3 |     7 |     6 |     1 |    18 |    22 |     1 ||    64
 Stab: Petrified         |       |       |       |       |     2 |       |       |       ||     2
       Confused          |       |       |       |       |       |     2 |       |       ||     2
  Eat: Chunk             |     2 |     1 |    10 |    16 |    19 |    20 |    18 |     1 ||    87
       Ration            |       |     1 |     1 |       |     2 |     5 |     3 |       ||    12
Armor: Scale mail        |    77 |     9 |       |       |   164 |   535 |   251 |    10 ||  1046
       Plate armour      |       |    19 |    98 |   211 |   111 |       |       |       ||   439
       Skin              |       |       |       |     1 |       |       |       |       ||     1
Dodge: Dodged            |    55 |    21 |    62 |   143 |   317 |   601 |   341 |    11 ||  1551
Block: Shield            |    73 |    54 |   155 |   318 |   552 |   390 |       |       ||  1542
       Large shield      |       |       |       |       |       |  1152 |  1597 |    90 ||  2839

Table legend:
 A = Spawn XP
 B = Non-spawn XP
 C = Spawn XP percentage of total XP
 D = Spawn monster count
 E = Non-spawn monster count
 F = Spawn count percentage of total count
 G = Total turns spent on level
                    A         B        C        D         E        F      G
               +---------+---------+-------+---------+---------+-------+---------
         Total |       0 |  751975 |   0.0 |       0 |    1866 |   0.0 | 37433
               +---------+---------+-------+---------+---------+-------+---------
           D:1 |       0 |      34 |   0.0 |       0 |      21 |   0.0 |   566
           D:2 |       0 |      66 |   0.0 |       0 |      22 |   0.0 |  1006
           D:3 |       0 |     321 |   0.0 |       0 |      10 |   0.0 |   787
           D:4 |       0 |     564 |   0.0 |       0 |      35 |   0.0 |   599
           D:5 |       0 |     448 |   0.0 |       0 |      14 |   0.0 |   726
           D:6 |       0 |     797 |   0.0 |       0 |      14 |   0.0 |   854
           D:7 |       0 |    1392 |   0.0 |       0 |      22 |   0.0 |   603
           D:8 |       0 |    3156 |   0.0 |       0 |      19 |   0.0 |   638
           D:9 |       0 |    3877 |   0.0 |       0 |      66 |   0.0 |  1100
          D:10 |       0 |   12289 |   0.0 |       0 |      64 |   0.0 |  1126
          D:11 |       0 |    8289 |   0.0 |       0 |      49 |   0.0 |   892
          D:12 |       0 |   11285 |   0.0 |       0 |      50 |   0.0 |   804
          D:13 |       0 |   17153 |   0.0 |       0 |      65 |   0.0 |   638
          D:14 |       0 |   14542 |   0.0 |       0 |      35 |   0.0 |   914
          D:15 |       0 |   27641 |   0.0 |       0 |      75 |   0.0 |   910
        Lair:1 |       0 |    7782 |   0.0 |       0 |      38 |   0.0 |  1580
        Lair:2 |       0 |    4490 |   0.0 |       0 |      23 |   0.0 |   984
        Lair:3 |       0 |    8458 |   0.0 |       0 |      38 |   0.0 |  1435
        Lair:4 |       0 |    6060 |   0.0 |       0 |      29 |   0.0 |   770
        Lair:5 |       0 |    8112 |   0.0 |       0 |      29 |   0.0 |  1046
        Lair:6 |       0 |   17435 |   0.0 |       0 |      53 |   0.0 |  1147
       Swamp:1 |       0 |   14486 |   0.0 |       0 |      40 |   0.0 |   785
       Swamp:2 |       0 |   11041 |   0.0 |       0 |      30 |   0.0 |   740
       Swamp:3 |       0 |   16716 |   0.0 |       0 |      41 |   0.0 |   887
       Swamp:4 |       0 |   37250 |   0.0 |       0 |      66 |   0.0 |   786
      Spider:1 |       0 |   23769 |   0.0 |       0 |      60 |   0.0 |   690
      Spider:2 |       0 |   18435 |   0.0 |       0 |      51 |   0.0 |   731
      Spider:3 |       0 |   20300 |   0.0 |       0 |      70 |   0.0 |   759
      Spider:4 |       0 |   37467 |   0.0 |       0 |      83 |   0.0 |  1041
       Slime:1 |       0 |    5552 |   0.0 |       0 |       8 |   0.0 |   100
       Slime:2 |       0 |     546 |   0.0 |       0 |       1 |   0.0 |    66
       Slime:3 |       0 |    6987 |   0.0 |       0 |       5 |   0.0 |   271
       Slime:4 |       0 |    9640 |   0.0 |       0 |      12 |   0.0 |   462
       Slime:5 |       0 |   47916 |   0.0 |       0 |      38 |   0.0 |  1467
         Orc:1 |       0 |    5177 |   0.0 |       0 |      56 |   0.0 |   403
         Orc:2 |       0 |   11860 |   0.0 |       0 |      84 |   0.0 |  1232
      Vaults:1 |       0 |   50915 |   0.0 |       0 |      61 |   0.0 |  1372
      Vaults:2 |       0 |   68088 |   0.0 |       0 |     106 |   0.0 |  1530
      Vaults:3 |       0 |   77679 |   0.0 |       0 |     108 |   0.0 |  1673
      Vaults:4 |       0 |   51632 |   0.0 |       0 |      69 |   0.0 |  1239
      Vaults:5 |       0 |   56599 |   0.0 |       0 |      50 |   0.0 |   352
      Depths:1 |       0 |   20762 |   0.0 |       0 |      24 |   0.0 |  1056
         Sewer |       0 |     111 |   0.0 |       0 |       6 |   0.0 |   120
         IceCv |       0 |    4856 |   0.0 |       0 |      26 |   0.0 |   379
               +---------+---------+-------+---------+---------+-------+---------
